 Dungeon Crawl Stone Soup version 0.29.1-15-g9cfb28693d (webtiles) character file.

Game seed: 17776922891938247199

312 hawla the Firebug (level 7, 0/52 HPs)
             Began as a Meteoran Fire Elementalist on Mar 7, 2023.
             Succumbed to a killer bee's poison
             ... on level 8 of the Dungeon.
             The game lasted 00:04:18 (496 turns).

hawla the Firebug (Meteoran Fire Elementalist)       Turns: 496, Time: 00:04:18

Health: 0/52       AC:  3    Str:  8 (10) XL:     7   Next: 2%
Magic:  14/14      EV: 12    Int: 16 (18) God:
Gold:   61         SH:  0    Dex: 12 (15) Spells: 7/14 levels left

rFire   . . .      SeeInvis .   (no weapon)
rCold   . . .      Faith    .   (no shield)
rNeg    . . .      Spirit   .   a - +0 robe
rPois   .          Reflect  .   (no helmet)
rElec   .          Harm     .   c - +0 cloak
rCorr   .          Rampage  .   (no gloves)
Will    .....                   (no boots)
Stlth   +.........              (no amulet)
HPRegen 0.17/turn               (no ring)
MPRegen 0.14/turn               (no ring)

@: lethally poisoned (0 -> -16), glowing
A: sense surroundings 1, otherworldly, glowing, explore regen
a: no special abilities


You were on level 8 of the Dungeon.
You visited 1 branch of the dungeon, and saw 7 of its levels.

You collected 61 gold pieces.

Inventory:

Armour
 a - a +0 robe (worn)
 c - a +0 cloak (worn)
Scrolls
 b - a scroll of identify {unknown}
 d - a scroll of magic mapping {unknown}


   Skills:
 - Level 1.0 Fighting
 - Level 3.3 Dodging
 - Level 1.4 Stealth
 - Level 4.4 Spellcasting
 + Level 4.0 Conjurations
 - Level 5.7 Fire Magic


You had 7 spell levels left.
You knew the following spells:

 Your Spells              Type           Power      Damage    Failure   Level
a - Foxfire               Conj/Fire      76%        2x1d7     2%          1
b - Scorch                Fire           44%        2d7       2%          2
c - Flame Wave            Conj/Fire      19%        2d7       22%         4

Your spell library contained the following spells:

 Spells                   Type           Power      Damage    Failure   Level
 Conjure Flame            Conj/Fire      19%        6-21      6%          3
 Inner Flame              Hex/Fire       12%        N/A       16%         3
 Hailstorm                Conj/Ice       10%        3d5       56%         4
 Ice Form                 Ice/Tmut       3%         N/A       85%         4
 Simulacrum               Ice/Necr       1%         N/A       100%        6


Dungeon Overview and Level Annotations

Branches:
Dungeon (8/15) Zot: 3705
 Temple: D:4-7         Lair: D:8-11

Altars:

Shops:
D:1 :


Innate Abilities, Weirdness & Mutations

You passively map a small area around you.
You are easily found by Zot.
You glow in the dark.
You regain HP and MP as you explore.


Message History

Found an iron wand.
* * * LOW HITPOINT WARNING * * *
You feel very sick.
* * * LOW HITPOINT WARNING * * *
You feel very sick.
There is a stone staircase leading down here.
* * * LOW HITPOINT WARNING * * *
You feel very sick. The scorpion stings you.
* * * LOW HITPOINT WARNING * * *
You climb downwards.
You feel sick.
Found 7 stones and a ring mail.
There is a stone staircase leading up here.
The scorpion attacks as you move away! The scorpion stings you.
You feel very sick.
The killer bee buzzes angrily.
You hear an angry buzzing noise.
A killer bee comes into view.
You feel sick.
The killer bee buzzes angrily.
The killer bee closely misses you. The scorpion stings you.
* * * LOW HITPOINT WARNING * * *
You are lethally poisoned!
The scorpion poisons you!
* * * LOW HITPOINT WARNING * * *
You feel very sick. The killer bee misses you.
The scorpion attacks as you move away! The scorpion barely misses you.
* * * LOW HITPOINT WARNING * * *
You feel very sick. The killer bee stings you.
* * * LOW HITPOINT WARNING * * *
* * * LOW HITPOINT WARNING * * *
You feel very sick. The killer bee stings you.
* * * LOW HITPOINT WARNING * * *
You are more poisoned.
The killer bee poisons you!
The killer bee attacks as you move away!
The killer bee stings you but does no damage.
You die...

#..............,
............###
, , *
......(<.[.....
* ,
........y......
*,
..###.yy###.#.#
, #..s# # * *
..#####y###.#.#
,
...............
,
,..#####@###.#..
, * #.# , * ,
... , , , *
##..#* * , ,
.... , ,..... ,
, ..... ,*
#....#. * * , ,
* , , *


You could see a scorpion and 4 killer bees.

Vanquished Creatures
  Grinder (D:3)
  An orc wizard (D:6)
  4 gnolls (D:4)
  2 adders
  2 orcs (D:6)
  2 bats (D:3)
  An endoplasm (D:2)
  2 goblins
  3 hobgoblins
  2 jackals (D:4)
  2 kobolds
  A quokka (D:1)
  3 ball pythons
  A frilled lizard (D:1)
27 creatures vanquished.

Vanquished Creatures (others)
  69 foxfires
69 creatures vanquished.

Grand Total: 96 creatures vanquished

Notes
Turn   | Place    | Note
-------+----------+-------------------------------------------
     0 | D:1      | hawla the Meteoran Fire Elementalist began the quest for
                  | the Orb.
     0 | D:1      | Reached XP level 1. HP: 14/14 MP: 5/5
    72 | D:1      | Found Caceunam's Book Emporium.
    77 | D:1      | Reached XP level 2. HP: 18/20 MP: 0/6
   153 | D:2      | Reached skill level 4 in Fire Magic
   153 | D:2      | Reached XP level 3. HP: 22/26 MP: 6/8
   156 | D:2      | Learned a level 2 spell: Scorch
   187 | D:3      | Noticed Grinder
   201 | D:3      | Killed Grinder
   202 | D:3      | Reached skill level 1 in Fighting
   202 | D:3      | Reached skill level 5 in Fire Magic
   202 | D:3      | Reached XP level 4. HP: 14/35 MP: 1/11
   202 | D:3      | Reached XP level 5. HP: 17/40 MP: 1/12
   202 | D:3      | Reached XP level 6. HP: 20/47 MP: 1/13
   209 | D:3      | Learned a level 4 spell: Flame Wave
   390 | D:4      | You fall into a shaft and drop 2 floors!
   466 | D:6      | Noticed an orc warrior
   470 | D:6      | Reached XP level 7. HP: 49/52 MP: 5/14
   489 | D:7      | HP: 2/52 [scorpion (2)]
   495 | D:8      | HP: 2/52 [killer bee (1)]
   496 | D:8      | Succumbed to a killer bee's poison

Illustrated notes

Levels and vault maps discovered:
D:1:      lemuel_arrival_room, layout_rooms, nicolae_ecumenical_snake_handling,
          serial_shops, shop, shop, nicolae_shop_advertising_works
          [nicolae_subvault_shop_adworks], dk_noncrumbling_2,
          chequers_serial_rivers_micro_e, due_unseen_surprise
D:2:      layout_basic
D:3:      layout_basic, uniq_grinder
D:4:      layout_rooms, chequers_arboretum
D:6:      layout_loops_corners, minmay_temple_entry_enclosed_plants,
          uniq_crazy_yiuf_cottage
D:7:      layout_cave_pools, overflow_temple_1_default, serial_column_ruins,
          column_ruins_hut, column_ruins_grid_1, column_ruins_open_tiny,
          column_ruins_open_small, column_ruins_columns_corner,
          column_ruins_open_tiny, column_ruins_columns_T
D:8:      black_bear_nest_2, layout_basic, nicolae_overflows_in_rows,
          nicolae_ru_the_path_less_chosen, uniq_psyche

Skill      XL: |  1  2  3  4  5  6 |
---------------+-------------------+-----
Fire Magic     | 4 5 |  5.7
Fighting       | 1 |  1.0
Dodging        | 3 |  3.3
Spellcasting   | 4 |  4.4
Conjurations   | 2 4 |  4.0
Stealth        | |  1.4

Action                   |  1- 3 |  4- 6 |  7- 9 || total
-------------------------+-------+-------+-------++-------
Melee: Unarmed           |     9 |     2 |       ||    11
 Cast: Foxfire           |    23 |    18 |     1 ||    42
       Scorch            |     6 |     8 |     2 ||    16
  Use: Potion            |     1 |       |     1 ||     2
       Scroll            |     1 |       |       ||     1
Armor: Robe              |     5 |     3 |     1 ||     9
Dodge: Dodged            |    11 |     6 |     7 ||    24
